 Dungeon Crawl Stone Soup version 0.25-a0-413-g3b4b6a4ccc (webtiles) character file.

Game seed: 16251237137499060237, levelgen mode: deterministic

160743 Borgoz the Warrior (level 17, -1/116 HPs)
             Began as a Gargoyle Berserker on Jan 15, 2020.
             Was a High Priest of Trog.
             Killed from afar by an Ice Fiend (16 damage)
             ... with a bolt of cold
             ... in an ice cave.
             The game lasted 01:04:59 (29526 turns).

Borgoz the Warrior (Gargoyle Berserker)            Turns: 29526, Time: 01:04:59

Health: -1/116     AC: 33    Str: 24    XL:     17   Next: 77%
Magic:  26/26      EV: 20    Int: 14    God:    Trog [*****.]
Gold:   398        SH:  0    Dex: 19    Spells: 16/16 levels left

rFire    + . .     SeeInvis +   a - +9 dire flail of Plunder {pain, *Drain MP+9 Int+5 Dex+3}
rCold    + + .     Gourm    .   (shield currently unavailable)
rNeg     + + +     Faith    .   v - +1 scale mail of Soufocau {rElec Dex+2 Stlth+}
rPois    ∞         Spirit   .   j - +0 helmet of the Crushed Mice {rElec rN+ Dex+2}
rElec    +         Reflect  .   F - +2 cloak of Dorosm {rC++ rN+}
rCorr    +         Harm     +   E - +0 pair of gloves "Coiriutz" {rElec rCorr}
MR       ++++.                  m - +0 pair of boots
Stlth    +.........             t - amulet of harm
HPRegen  1.29/turn              C - ring of the Equinox {*Drain +Blink MR+ SInv}
MPRegen  0.20/turn              n - ring of protection from fire

@: flying, regenerating
A: big wings, negative energy resistance 1, electricity resistance, unbreathing,
petrification resistance, rot immunity, AC +12
a: Stop Flying, Berserk, Trog's Hand, Brothers in Arms, Renounce Religion, Evoke
Blink


You were in an ice cave.
You worshipped Trog.
Trog was extremely pleased with you.
You were not hungry.

You visited 4 branches of the dungeon, and saw 26 of its levels.
You visited 1 bazaar.
You also visited: Gauntlet, Ice Cave and Volcano.

You collected 2659 gold pieces.
You spent 2261 gold pieces at shops.

Inventory:

Hand Weapons
 a - the +9 dire flail of Plunder (weapon) {pain, *Drain MP+9 Int+5 Dex+3}
   (You took it off a two-headed ogre on level 10 of the Dungeon)

   In the hands of one skilled in necromantic magic, it inflicts extra damage on
   living creatures.
   It affects your intelligence (+5).
   It affects your dexterity (+3).
   It affects your magic capacity (+9).
   It causes draining when unequipped.
 i - a +1 great mace
Armour
 j - the +0 helmet of the Crushed Mice (worn) {rElec rN+ Dex+2}
   (You bought it in a shop on level 2 of the Orcish Mines)

   It affects your dexterity (+2).
   It insulates you from electricity.
   It protects you from negative energy.
 m - a +0 pair of boots (worn)
 r - a scarf of repulsion
 v - the +1 scale mail of Soufocau (worn) {rElec Dex+2 Stlth+}
   (You found it on level 11 of the Dungeon)

   It affects your dexterity (+2).
   It insulates you from electricity.
   It makes you more stealthy.
 E - the +0 pair of gloves "Coiriutz" (worn) {rElec rCorr}
   (You bought it in a shop on level 14 of the Dungeon)

   It insulates you from electricity.
   It provides partial protection from all sources of acid and corrosion.
 F - the +2 cloak of Dorosm (worn) {rC++ rN+}
   (You bought it in a shop on level 2 of the Orcish Mines)

   It greatly protects you from cold.
   It protects you from negative energy.
Jewellery
 n - a ring of protection from fire (right hand)
 t - an amulet of harm (around neck)
 u - an uncursed amulet of guardian spirit
 x - an uncursed amulet of the gourmand
 C - the ring of the Equinox (left hand) {*Drain +Blink MR+ SInv}
   (You bought it in a shop in a bazaar)

   [ring of see invisible]

   It affects your resistance to hostile enchantments.
   It lets you see invisible.
   It lets you blink.
   It causes draining when unequipped.
Wands
 f - a wand of iceblast (7)
 A - a wand of paralysis (14)
 G - a wand of acid (28)
 I - a wand of disintegration (67)
 K - a wand of digging (8)
Scrolls
 d - 10 scrolls of remove curse
 e - 2 scrolls of blinking
 k - 2 scrolls of summoning
 p - 9 scrolls of teleportation
 q - a scroll of enchant weapon
 z - 2 scrolls of magic mapping
 M - a scroll of fear
 O - 2 scrolls of silence
Potions
 g - a potion of ambrosia
 h - 10 potions of curing
 l - 6 potions of might
 o - 3 potions of cancellation
 s - 4 potions of berserk rage
 w - 5 potions of haste
 B - 3 potions of resistance
 D - 4 potions of agility
Comestibles
 c - 42 rations


   Skills:
 + Level 16.3 Fighting
 + Level 15.1 Maces & Flails
 + Level 16.2 Armour
 + Level 13.1 Dodging


You had 16 spell levels left.
You didn't know any spells.
Your spell library was empty.

Dungeon Overview and Level Annotations

Branches:
Dungeon (15/15)            Temple (0/1) D:6            Lair (6/6) D:9
 Shoals (3/4) Lair:4        Snake (0/4) Lair:4        Slime (0/5) Lair:5
    Orc (2/2) D:9             Elf (0/3) Orc:2        Vaults (0/5) D:14
 Depths (0/5) D:15          IceCv (1/1)             Volcano (visited)
Gauntlet (visited)

Altars:
Ashenzari
Cheibriados
Dithmenos
Gozag
Makhleb
Ru
Trog
Vehumet
Xom
The Shining One

Shops:
D:4 }   D:6 (   D:7 [   D:14 [   Orc:2 [:=?[   Shoals:1 [


Innate Abilities, Weirdness & Mutations

You are resistant to torment.
Your stone body is resilient. (AC +12)
You are immune to poison.
Your large and strong wings let you fly indefinitely.
You resist negative energy. (rN+)
You are resistant to electric shocks. (rElec)
You can survive without breathing.
You are immune to petrification.
You are immune to rotting.


Message History

The Ice Fiend gestures at you. The bolt of cold hits you!! You resist.
* * * LOW HITPOINT WARNING * * *
Okay, then.
Okay, then.
Evoke which item? (* to show all) (? for menu, Esc to quit)
Aiming: Paralyse
Press: ? - help, Shift-Dir - straight line, f - Ice Fiend
Aim: an Ice Fiend (almost dead, magic immune)
Okay, then.
You hit the Ice Fiend.
The Ice Fiend is almost dead.
The Ice Fiend gestures at you. The bolt of cold misses you.
You hit the Ice Fiend.
The Ice Fiend is almost dead.
You feel better. The Ice Fiend gestures at you. The bolt of cold hits you!
You resist.
You die...

#.## #..#
#####..# #..##
##.####..###.#
##..###..#
#.⌠###..#
#...#..##
#...##.##
##.....#
#..#...#
#....##
##.#..##
##..##
##.##### #..#
#.##.## ##.#
##@#.Z# .##
##1#.1Z...# #
#.#4ZZ.#$|
####Z..# #.##
##


You could see an Ice Fiend.

Vanquished Creatures
  Jorgrun (Orc:1)
  The ghost of Borgoz the Tortoise, an adept GrBe of Trog (Shoals:1)
  The ghost of vurker the Stormcaller, a journeyman TeAE of Vehumet (Orc:2)
  A minotaur (Gauntlet)
  Azrael (D:14)
  The ghost of Borgoz the Fighter, a journeyman GrBe of Trog (D:14)
  Snorg (D:13)
  The ghost of Yorgos the Blocker, a journeyman GnFi of Qazlal (D:14)
  3 merfolk impalers
  Josephine (D:10)
  Fannar (D:10)
  Erolcha (D:10)
  A merfolk avatar (Shoals:1)
  3 centaur warriors
  3 hydras
  2 catoblepae
  8 two-headed ogres
  2 dancing weapons (D:14)
  The ghost of Wezips the Basher, a journeyman GrFi of Qazlal (D:10)
  2 death scarabs (Gauntlet)
  3 orc high priests (Orc:2)
  A tengu warrior (D:14)
  A skeletal warrior (D:14)
  A hell knight (Volcano)
  A wizard (D:14)
  9 sea snakes
  5 unseen horrors
  3 spectral hydras (Gauntlet)
  A phantasmal warrior (D:14)
  Pikel (D:7)
  4 oklob plants
  4 harpies (Shoals:1)
  A wolf spider (D:15)
  5 orc knights
  A salamander (D:15)
  5 orc sorcerers
  4 cyclopes
  8 fauns
  An orb spider (shapeshifter) (D:15)
  7 manticores
  12 ugly things
  Joseph (D:7)
  7 merfolk sirens
  2 ice statues
  3 elephants (Lair:6)
  4 water nymphs
  2 centaur zombies
  3 gargoyles
  2 black mambas (Lair:5)
  28 spiny frogs
  3 rime drakes
  2 kobold demonologists
  A golden dragon simulacrum (IceCv)
  2 yaktaurs (Volcano)
  5 ice devils (IceCv)
  4 freezing wraiths (IceCv)
  6 komodo dragons
  4 anaconda simulacra (IceCv)
  3 trolls
  A tengu conjurer (D:14)
  3 polar bears (Lair:4)
  3 meliai
  4 tyrant leeches (Lair:6)
  2 wind drakes (Shoals:1)
  The ghost of whitenoisemaker the Changer, an amateur DrTm of Makhleb (D:3)
  A hornet (D:10)
  8 hippogriffs
  12 merfolk
  Prince Ribbit (D:7)
  7 dream sheep
  25 blink frogs
  2 snapping turtles
  Sigmund (D:6)
  A shadow (D:11)
  4 centaur simulacra
  A vampire (D:14)
  33 yaks
  3 wyverns
  2 dire elephant simulacra (IceCv)
  2 wraiths (D:10)
  4 water elementals
  Eustachio (D:6)
  A basilisk (Lair:3)
  13 vampire mosquitoes
  3 fire elementals
  Grum (D:10)
  4 hungry ghosts
  Menkaure (D:6)
  3 iron troll simulacra (IceCv)
  A spectral spiny frog (Gauntlet)
  A naga (Lair:4)
  A warg (Orc:2)
  6 harpy simulacra (IceCv)
  A death yak simulacrum (IceCv)
  A soldier ant (D:14)
  10 water moccasins
  6 small abominations (Gauntlet)
  5 hell hounds
  A hydra simulacrum (IceCv)
  21 orc warriors
  12 porcupines
  A black bear (Lair:1)
  A swamp drake (D:9)
  4 slaves (D:7)
  8 sky beasts
  An ettin simulacrum (IceCv)
  An ice beast (D:9)
  A necrophage (D:7)
  8 centaurs
  5 phantoms
  12 ogres
  8 wolves
  An eye of draining (D:15)
  16 crocodiles
  3 big kobolds
  26 bullfrogs
  2 wyvern zombies (D:6)
  A water moccasin zombie (D:9)
  A scorpion (D:12)
  3 troll zombies (D:9)
  11 wights
  5 howler monkeys
  6 electric eels
  6 crimson imps
  2 draconian simulacra (IceCv)
  A quasit (D:11)
  4 hounds
  17 orc priests
  6 bullfrog skeletons
  Crazy Yiuf (D:6)
  10 jellies
  3 centaur skeletons
  11 worker ants
  6 iguanas
  22 orc wizards
  4 troll simulacra (IceCv)
  2 wolf simulacra (IceCv)
  5 ogre zombies (D:9)
  5 hound zombies
  2 worker ant zombies
  3 gnolls (D:4)
  10 adders
  An ogre simulacrum (IceCv)
  3 naga simulacra (IceCv)
  4 shadow imps
  8 white imps (IceCv)
  5 ufetubi (IceCv)
  5 oozes (D:9)
  An adder zombie (D:6)
  6 adder skeletons
  4 worms (D:3)
  A dart slug (D:2)
  2 leopard geckos
  80 orcs
  6 bats
  8 giant cockroaches
  5 goblins
  9 hobgoblins
  14 jackals
  A quokka (D:11)
  A ball python (D:3)
  5 frilled lizards
  3 goblin skeletons (D:9)
  A goblin zombie (D:9)
  A hobgoblin skeleton (D:9)
  4 hobgoblin zombies (D:9)
  15 kobolds
  2 leopard gecko skeletons
  An orc skeleton (D:9)
  15 orc zombies (D:9)
  A quokka skeleton (D:4)
  8 rats
  4 plants
879 creatures vanquished.

Vanquished Creatures (collateral kills)
  Rupert (D:14)
  A dire elephant (D:15)
  A two-headed ogre (D:14)
  A death knight (D:14)
  3 ugly things (D:15)
  A deep elf mage (D:14)
  A centaur skeleton (D:15)
  3 wraiths
  A sky beast (D:14)
  A bullfrog (D:14)
14 creatures vanquished.

Vanquished Creatures (others)
  A deep elf mage (D:15)
  An orc priest (Orc:2)
  An orc (Orc:2)
  2 bushes
  4 fungi
  28 plants
  2 withered plants (D:14)
39 creatures vanquished.

Grand Total: 932 creatures vanquished

Notes
Turn   | Place    | Note
-------+----------+-------------------------------------------
     0 | D:1      | Borgoz the Gargoyle Berserker began the quest for the Orb.
     0 | D:1      | Reached XP level 1. HP: 14/14 MP: 1/1
   109 | D:1      | Found a glowing golden altar of the Shining One.
   227 | D:1      | Reached XP level 2. HP: 19/19 MP: 2/2
   775 | D:2      | Reached XP level 3. HP: 22/23 MP: 3/3
  1174 | D:2      | Reached ** piety under Trog
  1573 | D:3      | Found a runed translucent gate.
  1573 | D:3      | Found a runed translucent gate.
  1573 | D:3      | Found a runed translucent gate.
  1580 | D:3      | Noticed whitenoisemaker's ghost (amateur DrTm)
  1609 | D:3      | Reached XP level 4. HP: 28/29 MP: 4/4
  1676 | D:3      | HP: 1/29 [worm (5)]
  2009 | D:3      | Found a shattered altar of Ashenzari.
  2010 | D:3      | Reached XP level 5. HP: 33/33 MP: 5/5
  2278 | D:3      | Found a radiant altar of Vehumet.
  2382 | D:3      | Killed whitenoisemaker's ghost
  2382 | D:3      | Reached XP level 6. HP: 25/40 MP: 6/6
  2605 | D:4      | Reached skill level 5 in Fighting
  2612 | D:4      | Reached *** piety under Trog
  2710 | D:4      | Reached XP level 7. HP: 34/44 MP: 7/7
  2996 | D:4      | Found Veedwat's Gadget Boutique.
  3002 | D:4      | Found a glowing golden altar of the Shining One.
  3175 | D:5      | Entered Level 5 of the Dungeon
  3368 | D:5      | Reached skill level 5 in Maces & Flails
  3368 | D:5      | Reached skill level 5 in Armour
  3375 | D:5      | Reached XP level 8. HP: 15/51 MP: 8/8
  4240 | D:6      | Noticed Sigmund
  4252 | D:6      | Killed Sigmund
  4253 | D:6      | Found Qimenk's Antique Weapon Shoppe.
  4324 | D:6      | Noticed Menkaure
  4336 | D:6      | Killed Menkaure
  4618 | D:6      | Reached **** piety under Trog
  4687 | D:6      | Reached XP level 9. HP: 50/56 MP: 9/9
  4819 | D:6      | Reached skill level 5 in Dodging
  5046 | D:6      | Found a runed translucent door.
  5047 | D:6      | Noticed Crazy Yiuf
  5196 | D:6      | Noticed Eustachio
  5207 | D:6      | Killed Eustachio
  5348 | D:6      | Found a staircase to the Ecumenical Temple.
  5472 | D:6      | Killed Crazy Yiuf
  5536 | D:7      | Found Ygotytog's Armour Shoppe.
  5644 | D:7      | Noticed Pikel
  5737 | D:7      | Killed Pikel
  6127 | D:7      | Found a snail-covered altar of Cheibriados.
  6127 | D:7      | Found a sacrificial altar of Ru.
  6138 | D:7      | Noticed Joseph
  6157 | D:7      | Killed Joseph
  6157 | D:7      | Reached XP level 10. HP: 37/65 MP: 10/10
  6322 | D:7      | Noticed Prince Ribbit
  6340 | D:7      | Killed Prince Ribbit
  6588 | D:7      | Noticed an oklob plant
  6847 | D:8      | Reached ***** piety under Trog
  6847 | D:8      | Received a gift from Trog
  7403 | D:8      | Noticed a two-headed ogre
  7413 | D:8      | Killed a two-headed ogre
  8068 | D:9      | Found a staircase to the Lair.
  8267 | D:9      | Noticed a manticore
  8276 | D:9      | Killed a manticore
  8276 | D:9      | Reached XP level 11. HP: 30/71 MP: 11/11
  8284 | D:9      | Found a staircase to the Orcish Mines.
  8410 | D:9      | Received a gift from Trog
  8693 | D:9      | Found a shadowy altar of Dithmenos.
  8744 | D:10     | Entered Level 10 of the Dungeon
  8942 | D:10     | Noticed Josephine
  8943 | D:10     | Noticed Erolcha
  8956 | D:10     | Killed Josephine
  8956 | D:10     | Reached skill level 10 in Fighting
  8968 | D:10     | Killed Erolcha
  8968 | D:10     | Reached skill level 10 in Armour
  9193 | D:10     | Found a shimmering altar of Xom.
  9346 | D:10     | Noticed Grum
  9354 | D:10     | Killed Grum
  9369 | D:10     | Found a burning altar of Makhleb.
  9369 | D:10     | Noticed a balrug
  9450 | D:10     | Noticed Fannar
  9466 | D:10     | Killed Fannar
  9693 | D:10     | Found a transporter.
  9693 | D:10     | Noticed a two-headed ogre
  9693 | D:10     | Noticed Wezips's ghost (journeyman GrFi)
  9694 | D:10     | Found a transporter.
  9700 | D:10     | Identified the +9 dire flail of Plunder {pain, *Drain MP+9
                  | Int+5 Dex+3}
  9700 | D:10     | Noticed a two-headed ogre
  9864 | D:11     | Killed an unseen horror
  9924 | D:11     | Found a gate leading to a gauntlet.
  9937 | D:11     | Received a gift from Trog
  9979 | Gauntlet | Entered a Gauntlet
  9979 | Gauntlet | Found a large runed translucent door.
  9979 | Gauntlet | Found a large runed translucent door.
  9979 | Gauntlet | Found a large runed translucent door.
  9979 | Gauntlet | Found a large runed translucent door.
  9979 | Gauntlet | Found a transporter.
  9979 | Gauntlet | Found a runed translucent door.
  9979 | Gauntlet | Found a large runed translucent door.
  9979 | Gauntlet | Found a large runed translucent door.
  9979 | Gauntlet | Found a large runed translucent door.
  9979 | Gauntlet | Found a large runed translucent door.
  9979 | Gauntlet | Found a runed translucent gate.
  9979 | Gauntlet | Found a runed translucent gate.
  9979 | Gauntlet | Found a transporter.
  9979 | Gauntlet | Found a transporter.
  9980 | Gauntlet | Found a transporter.
  9981 | Gauntlet | Found a transporter.
  9984 | Gauntlet | Found a transporter.
  9991 | Gauntlet | Found a transporter.
  9992 | Gauntlet | Found a transporter.
  9992 | Gauntlet | Noticed an oklob plant
  9993 | Gauntlet | Found a transporter.
  9995 | Gauntlet | Found a transporter.
 10001 | Gauntlet | Found a runed translucent gate.
 10001 | Gauntlet | Found a runed translucent gate.
 10001 | Gauntlet | Found a runed translucent gate.
 10001 | Gauntlet | Noticed a moth of wrath
 10001 | Gauntlet | Noticed a death scarab
 10003 | Gauntlet | Found a transporter.
 10004 | Gauntlet | Found a transporter.
 10014 | Gauntlet | Noticed a death scarab
 10047 | Gauntlet | Found a runed translucent gate.
 10048 | Gauntlet | Found a large runed translucent door.
 10048 | Gauntlet | Found a large runed translucent door.
 10049 | Gauntlet | Found a large runed translucent door.
 10050 | Gauntlet | Found a large runed translucent door.
 10051 | Gauntlet | Found a large runed translucent door.
 10051 | Gauntlet | Found a large runed translucent door.
 10051 | Gauntlet | Found a runed translucent door.
 10052 | Gauntlet | Found a large runed translucent door.
 10053 | Gauntlet | Found a large runed translucent door.
 10227 | Gauntlet | Reached skill level 10 in Maces & Flails
 10227 | Gauntlet | Reached XP level 12. HP: 79/79 MP: 12/12
 10420 | Gauntlet | Got a shimmering jade ring
 10422 | Gauntlet | Identified the ring of Broken Luck {MR- Dex+4 SInv Stlth-}
                  | (You found it in a Gauntlet)
 10595 | Gauntlet | Killed a death scarab
 10597 | Gauntlet | Killed a death scarab
 10761 | Gauntlet | Noticed a minotaur
 10772 | Gauntlet | Killed a minotaur
 10884 | Gauntlet | Got a bone dire flail
 10900 | Gauntlet | Identified the cursed +3 dire flail of Xuoboddu {antimagic,
                  | rC+} (You found it in a Gauntlet)
 10929 | D:11     | Got a fine scale mail
 10940 | D:11     | Identified the cursed +1 scale mail of Soufocau {rElec
                  | Dex+2 Stlth+} (You found it on level 11 of the Dungeon)
 11628 | D:12     | Noticed a two-headed ogre
 11637 | D:12     | Killed a two-headed ogre
 11840 | D:12     | Identified the +3 short sword "Quiwn" {antimagic, +Inv MR+
                  | Int+2 Stlth-}
 12495 | D:13     | Found a gateway to a bazaar.
 12498 | D:13     | Noticed Snorg
 12514 | D:13     | Killed Snorg
 12534 | Bazaar   | Entered a bazaar
 12554 | Bazaar   | Found Rexzaal's Jewellery Emporium.
 12582 | Bazaar   | Found Ycyck's Armour Shoppe.
 12582 | Bazaar   | Found Zickailu's Gadget Emporium.
 12649 | Bazaar   | Bought the ring of the Equinox {*Drain +Blink MR+ SInv} for
                  | 377 gold pieces
 12866 | D:13     | Reached XP level 13. HP: 84/86 MP: 4/13
 13464 | D:14     | Found Goviuj's Antique Armour Emporium.
 13476 | D:14     | Noticed Rupert
 13485 | D:14     | Paralysed by Rupert for 2 turns
 13496 | D:14     | Killed Rupert
 13702 | D:14     | Noticed Azrael
 14206 | D:14     | Received a gift from Trog
 14210 | D:14     | Got a steaming great mace {god gift}
 14440 | D:14     | Identified the +3 great mace of the Equator {antimagic,
                  | *Contam rPois rN++ Str+3} (Trog gifted it to you on level
                  | 14 of the Dungeon)
 14492 | D:14     | Found a gate to the Vaults.
 14650 | D:14     | Killed Azrael
 14650 | D:14     | Reached skill level 10 in Dodging
 14926 | D:14     | Found a runed translucent gate.
 14926 | D:14     | Found a runed translucent gate.
 15509 | D:14     | Gained mutation: Your large and strong wings let you fly
                  | indefinitely. [Gargoyle growth]
 15509 | D:14     | Reached XP level 14. HP: 66/94 MP: 4/14
 15729 | D:14     | Found a runed translucent gate.
 15736 | D:14     | Noticed Borgoz's ghost (journeyman GrBe)
 15736 | D:14     | Noticed Yorgos's ghost (journeyman GnFi)
 15996 | D:14     | Killed Borgoz's ghost
 16006 | D:14     | Killed Yorgos's ghost
 16049 | D:15     | Entered Level 15 of the Dungeon
 16421 | D:15     | Found an opulent altar of Gozag.
 16488 | D:15     | Found an opulent altar of Gozag.
 17245 | D:15     | Found a staircase to the Depths.
 17245 | D:15     | Noticed a dire elephant
 17278 | D:15     | Killed a dire elephant
 17691 | D:14     | Bought a pair of bloodstained gloves for 380 gold pieces
 17701 | D:14     | Identified the +0 pair of gloves "Coiriutz" {rElec rCorr}
                  | (You bought it in a shop on level 14 of the Dungeon)
 17837 | D:10     | Killed Wezips's ghost
 17948 | D:7      | Found a burning altar of Makhleb.
 18199 | Lair:1   | Entered Level 1 of the Lair of Beasts
 19448 | D:14     | Bought a heavily runed cloak for 380 gold pieces
 19458 | D:14     | Identified the +1 cloak of Jigsaw {Str+2} (You bought it in
                  | a shop on level 14 of the Dungeon)
 20078 | Lair:2   | Got a warped chain mail
 20089 | Lair:2   | Identified the +2 chain mail of Zyaraype {rElec rPois} (You
                  | found it on level 2 of the Lair of Beasts)
 20442 | Lair:3   | Got a faintly glowing robe
 20813 | Lair:3   | Reached XP level 15. HP: 100/100 MP: 15/15
 21235 | Lair:4   | Received a gift from Trog
 21290 | Lair:4   | Found a staircase to the Snake Pit.
 21302 | Lair:4   | Found the +5 robe of Misfortune {*Contam Harm *Corrode
                  | *Drain *Slow EV+5}
 21697 | Lair:4   | Found a staircase to the Shoals.
 21776 | Lair:4   | You are sucked into a shaft and drop 1 floor!
 21988 | Lair:5   | Found a staircase to the Slime Pits.
 22236 | Lair:5   | Found a glowing golden altar of the Shining One.
 22436 | Lair:5   | Reached XP level 16. HP: 107/107 MP: 16/16
 22590 | Lair:6   | Entered Level 6 of the Lair of Beasts
 22682 | Lair:5   | Received a gift from Trog
 22697 | Lair:5   | Got an encrusted great sword {god gift}
 22698 | Lair:5   | Identified the +3 great sword of Trog {slice, Int+4} (Trog
                  | gifted it to you on level 5 of the Lair of Beasts)
 22883 | Lair:6   | Reached skill level 15 in Fighting
 22927 | Lair:6   | Found a dark tunnel.
 23016 | Volcano  | Entered a volcano
 23324 | Lair:6   | Reached skill level 15 in Armour
 23430 | Lair:6   | Received a gift from Trog
 24417 | Orc:1    | Entered Level 1 of the Orcish Mines
 24591 | Orc:1    | Noticed Jorgrun
 24611 | Orc:1    | Killed Jorgrun
 24830 | Orc:2    | Entered Level 2 of the Orcish Mines
 24830 | Orc:2    | Found Tixeunab's Antique Armour Shop.
 25169 | Orc:1    | Received a gift from Trog
 25173 | Orc:1    | Found a bloodstained altar of Trog.
 25361 | Orc:2    | Found a staircase to the Elven Halls.
 25399 | Orc:2    | Found a runed translucent door.
 25400 | Orc:2    | Noticed vurker's ghost (journeyman TeAE)
 25401 | Orc:2    | Found the +3 hat of Pondering {ponderous, MR+ MP+10 Int+5}
 25401 | Orc:2    | Found the +2 Maxwell's thermic engine {flame, freeze}
 26004 | Orc:2    | Reached XP level 17. HP: 95/113 MP: 17/17
 26064 | Orc:2    | Found Niynliba's Magic Scroll Emporium.
 26064 | Orc:2    | Found Vimac Gurew's Armour Shop.
 26088 | Orc:2    | Found Zagopep's Book Emporium.
 26088 | Orc:2    | Found Yhe Meufuun's Jewellery Shop.
 26094 | Orc:2    | Bought a scroll of identify for 28 gold pieces
 26094 | Orc:2    | Bought a scroll of identify for 28 gold pieces
 26104 | Orc:2    | Bought an uncursed ring of protection from cold for 325
                  | gold pieces
 26107 | Orc:2    | Bought the +0 helmet of the Crushed Mice {rElec rN+ Dex+2}
                  | for 403 gold pieces
 26203 | Orc:2    | Killed vurker's ghost
 26266 | Orc:2    | Bought a pair of glowing gloves for 150 gold pieces
 26266 | Orc:2    | Bought a crude cloak for 190 gold pieces
 26286 | Orc:2    | Identified the +2 cloak of Dorosm {rC++ rN+} (You bought it
                  | in a shop on level 2 of the Orcish Mines)
 26525 | Shoals:1 | Entered Level 1 of the Shoals
 26677 | Shoals:1 | Received a gift from Trog
 26770 | Shoals:1 | Found a large runed translucent door.
 26771 | Shoals:1 | Found a large runed translucent door.
 27585 | Shoals:1 | Found Jimoa's Armour Shop.
 27694 | Shoals:1 | Noticed Borgoz's ghost (adept GrBe)
 27722 | Shoals:1 | Killed Borgoz's ghost
 28275 | Shoals:2 | Received a gift from Trog
 28583 | Shoals:2 | Reached skill level 15 in Maces & Flails
 28772 | Shoals:3 | Found a frozen archway.
 28811 | IceCv    | Entered an ice cave
 29040 | IceCv    | Received a gift from Trog
 29486 | IceCv    | Noticed an Ice Fiend
 29523 | IceCv    | HP: 3/116 [Ice Fiend/bolt of cold (22)]
 29526 | IceCv    | Killed from afar by an Ice Fiend

Levels and vault maps discovered:
D:1:      co_arrival_square_in_a_square_in_a_square, layout_loops_ring,
          tso_altar
D:2:      wander_river, layout_loops_corners
D:3:      layout_rooms, evilmike_ruin_ashenzari, lemuel_coloured_pillars_altar,
          gammafunk_ghost_necromancy
D:4:      layout_rooms, overflow_temple_1_default, serial_shops, shop,
          first_ration, minmay_ruptured
D:5:      layout_layer_cave
D:6:      layout_loops_ring, minmay_temple_entry_fiery, serial_shops, shop,
          uniq_sigmund, uniq_menkaure, uniq_crazy_yiuf_cottage, uniq_eustachio
D:7:      layout_basic, gammafunk_temple_overflow_elements, serial_shops, shop,
          lemuel_oklob_altar, uniq_joseph, uniq_prince_ribbit1, uniq_pikel
D:8:      layout_basic
D:9:      layout_rooms, grunt_dithmenos_shadows, erik_lair_dragon,
          zombieorc2_lemuel, hangedman_little_slice_of_home
D:10:     layout_long_grid, gammafunk_ghost_smash, basic_altar,
          makhleb_altar_promises_db, uniq_fannar, uniq_grum, uniq_erolcha,
          uniq_josephine
D:11:     layout_irregular_city, gauntlet_entry_generic
D:12:     layout_loops_corners, serial_park_tiny_pond
D:13:     layout_rooms, serial_shops, bzr_entry_dummy, uniq_snorg
D:14:     layout_irregular_city, erik_vaults_1, gammafunk_ghost_cemetery,
          serial_shops, nicolae_shop_overgrown_old_shop, serial_column_ruins,
          column_ruins_open_small, column_ruins_columns_straight,
          column_ruins_grid_2, column_ruins_open_small, column_ruins_grid_1,
          column_ruins_grid_3, minmay_crystal_room, uniq_rupert, uniq_azrael
D:15:     hangedman_depths_entry_try_elsewhere_first, layout_loops_ring,
          nrook_mini_backslash, basic_altar, grunt_decor_fettered,
          grunt_gozag_breadcrumbs
Lair:1:   layout_long_grid
Lair:2:   layout_regular_city
Lair:3:   layout_long_grid, st_stairs_7, lemuel_fruit_tree
Lair:4:   layout_misc_corridors, elwin_shoals_entry_rocks,
          guppyfry_snake_entry_island, beast_lair_carwin_4,
          infiniplex_staircase_pool
Lair:5:   layout_regular_city, minmay_slime_entry_oklob_open, basic_altar,
          kennysheep_catoblepas_arena
Lair:6:   minmay_lair_end_frog_pond, layout_misc_corridors,
          nicolae_volcano_entry_hallway, hangedman_lair_unloving_vines,
          serial_bayou_lake_a, serial_bayou_shore_a
Shoals:1: layout_shoals, ebering_ghost_disaster_area, serial_shops, shop
Shoals:2: layout_shoals
Shoals:3: layout_shoals, serial_shops, shop,
          portal_ice_cave_entry_pillars_three,
          nicolae_shoals_stone_sculpture_thing
Orc:1:    layout_caves, basic_altar, uniq_jorgrun
Orc:2:    grunt_orc_tribal_feast, layout_caves, gammafunk_ghost_grave,
          serial_shops, nicolae_shop_crystal
IceCv:    ice_cave_caverns_01

Skill      XL: |  1  2  3  4  5  6  7  8  9 10 11 12 13 14 15 16 17 |
---------------+----------------------------------------------------+-----
Dodging        | 2 3 4 6 7 8 9 10 11 12 13 | 13.1
Armour         | 3 4 5 6 8 9 10 11 12 14 15 16 | 16.2
Fighting       | 4 5 6 8 9 10 12 13 14 15 16 | 16.3
Maces & Flails | 4 5 6 7 8 10 11 12 13 14 15 | 15.1

Action                   |  1- 3 |  4- 6 |  7- 9 | 10-12 | 13-15 | 16-18 || total
-------------------------+-------+-------+-------+-------+-------+-------++-------
Melee: Mace              |   115 |   191 |       |       |       |       ||   306
       Flail             |       |    15 |   495 |     3 |       |       ||   513
       Dire flail        |       |       |       |   681 |   458 |  1227 ||  2366
       Quarterstaff      |       |       |       |    86 |       |       ||    86
       Great mace        |       |       |       |       |   430 |       ||   430
Throw: Throwing net      |       |       |       |     2 |       |       ||     2
Invok: Trog's Hand       |       |     3 |     1 |     2 |     1 |    14 ||    21
       Berserk           |       |     1 |     3 |     7 |     4 |     3 ||    18
       Brothers in Arms  |       |       |       |     3 |     4 |       ||     7
 Abil: Fly               |       |       |       |       |     1 |       ||     1
Evoke: Wand              |       |       |     1 |       |       |     1 ||     2
  Use: Scroll            |       |     1 |     5 |    17 |     6 |     9 ||    38
       Potion            |       |       |       |     7 |     3 |     4 ||    14
 Stab: Sleeping          |     2 |       |       |       |       |       ||     2
       Held in net/web   |       |       |       |     1 |       |       ||     1
  Eat: Chunk             |     2 |     6 |    21 |    41 |    40 |    29 ||   139
       Ration            |       |       |     1 |     2 |       |     1 ||     4
Armor: Animal skin       |    47 |    87 |    34 |       |       |       ||   168
       Scale mail        |       |       |   275 |   321 |   481 |   515 ||  1592
       Chain mail        |       |       |       |   126 |       |       ||   126
Dodge: Dodged            |   104 |   189 |   335 |   545 |   760 |  1002 ||  2935
       Deflected         |       |       |       |     3 |    25 |    16 ||    44

Table legend:
 A = Non-vault XP
 B = Vault XP
 C = Vault XP percentage of total XP
 D = Non-vault monster count
 E = Vault monster count
 F = Vault count percentage of total count
                 A         B        C        D         E       F
            +---------+---------+-------+---------+---------+-------
      Total |  113689 |   70968 |  38.4 |     620 |     266 |  30.0
            +---------+---------+-------+---------+---------+-------
        D:1 |      27 |       0 |   0.0 |      17 |       0 |   0.0
        D:2 |      24 |       0 |   0.0 |      15 |       0 |   0.0
        D:3 |     137 |     323 |  70.2 |      30 |       3 |   9.1
        D:4 |     264 |      36 |  12.0 |      23 |       1 |   4.2
        D:5 |     818 |       0 |   0.0 |      21 |       0 |   0.0
        D:6 |     875 |     634 |  42.0 |      30 |       4 |  11.8
        D:7 |     971 |    1948 |  66.7 |      13 |       4 |  23.5
        D:8 |    1982 |       0 |   0.0 |      27 |       0 |   0.0
        D:9 |    1338 |    1619 |  54.8 |      15 |      51 |  77.3
       D:10 |    2089 |    6814 |  76.5 |      26 |      13 |  33.3
       D:11 |    2891 |       0 |   0.0 |      24 |       0 |   0.0
       D:12 |    3632 |       0 |   0.0 |      24 |       0 |   0.0
       D:13 |    4887 |    1309 |  21.1 |      25 |       4 |  13.8
       D:14 |   14667 |    7872 |  34.9 |      45 |      11 |  19.6
       D:15 |   11840 |    2769 |  19.0 |      40 |       4 |   9.1
     Lair:1 |    3548 |       0 |   0.0 |      16 |       0 |   0.0
     Lair:2 |    2211 |       0 |   0.0 |      12 |       0 |   0.0
     Lair:3 |    4177 |     147 |   3.4 |      16 |       1 |   5.9
     Lair:4 |    3354 |    1358 |  28.8 |      19 |       6 |  24.0
     Lair:5 |    5535 |    2757 |  33.2 |      17 |       8 |  32.0
     Lair:6 |   11315 |   11711 |  50.9 |      41 |      45 |  52.3
   Shoals:1 |   20625 |    1917 |   8.5 |      39 |       1 |   2.5
   Shoals:2 |    7765 |       0 |   0.0 |      18 |       0 |   0.0
   Shoals:3 |    4806 |       0 |   0.0 |      12 |       0 |   0.0
      Orc:1 |    1407 |    4351 |  75.6 |      24 |       4 |  14.3
      Orc:2 |    2504 |    7841 |  75.8 |      31 |      27 |  46.6
      IceCv |       0 |    8019 | 100.0 |       0 |      57 | 100.0
    Volcano |       0 |    2640 | 100.0 |       0 |       6 | 100.0
   Gauntlet |       0 |    6903 | 100.0 |       0 |      16 | 100.0
            +---------+---------+-------+---------+---------+-------
